 Dungeon Crawl Stone Soup version 0.24.0-123-gd5b16e6ec5 (webtiles) character file.

Game seed: 9049634858297237590, levelgen mode: deterministic

13332 Norian the Thaumaturge (level 11, 0/63 HPs)
             Began as a Deep Elf Conjurer on Dec 24, 2019.
             Was a Priest of Vehumet.
             Slain by a boggart (4 damage)
             ... in a Gauntlet.
             The game lasted 00:42:07 (12843 turns).

Norian the Thaumaturge (Deep Elf Conjurer)         Turns: 12843, Time: 00:42:09

Health: 0/63       AC: 12    Str: 13    XL:     11   Next: 74%
Magic:  38/38      EV: 21    Int: 21    God:    Vehumet [***...]
Gold:   598        SH:  0    Dex: 20    Spells: 22/35 levels left

rFire    . . .     SeeInvis .   n - +6 short sword of Famine {speed, rC+}
rCold    + . .     Gourm    .   (no shield)
rNeg     . . .     Faith    .   L - +0 troll leather armour
rPois    +         Spirit   .   N - +2 hat
rElec    .         Reflect  .   v - +0 cloak
rCorr    .         Harm     .   E - +2 pair of gloves
MR       +....     NoTele   +   A - +0 pair of boots
Stlth    +++.......             (no amulet)
HPRegen  0.60/turn              C - ring of magical power
MPRegen  0.26/turn              l - ring of poison resistance

@: confused, mighty, agile, barbed spikes, flying
A: camouflage 1, mutation resistance 1
a: Renounce Religion


You were in a Gauntlet.
You worshipped Vehumet.
Vehumet was most pleased with you.
You were not hungry.

You visited 3 branches of the dungeon, and saw 14 of its levels.
You also visited: Gauntlet.

You collected 664 gold pieces.
You spent 66 gold pieces at shops.

Inventory:

Hand Weapons
 n - the +6 short sword of Famine (weapon) {speed, rC+}
   (You found it on level 4 of the Dungeon)

   Attacks with this weapon are significantly faster.
   It protects you from cold.
 u - a +3 quarterstaff of chaos
Armour
 v - a +0 cloak (worn)
 A - a +0 pair of boots (worn)
 E - a +2 pair of gloves (worn)
 L - a +0 troll leather armour (worn)
 N - a +2 hat (worn)
Jewellery
 k - an uncursed ring of fire
 l - a ring of poison resistance (right hand)
 C - a ring of magical power (left hand)
 K - an uncursed ring of positive energy {unknown}
Wands
 h - a wand of flame (42)
 t - a wand of enslavement (6)
 F - a wand of acid (10)
Scrolls
 b - 6 scrolls of remove curse
 d - 11 scrolls of identify
 g - 2 scrolls of immolation {unknown}
 i - 2 scrolls of enchant armour {unknown}
 j - 6 scrolls of teleportation
 q - a scroll of enchant weapon {unknown}
 s - 2 scrolls of random uselessness {unknown}
 w - a scroll of fog {unknown}
 y - 3 scrolls of blinking {unknown}
 z - 3 scrolls of amnesia {unknown}
 B - a scroll of acquirement {unknown}
 D - a scroll of summoning {unknown}
 H - a scroll of fear {unknown}
 J - a scroll of silence {unknown}
 M - a scroll of vulnerability {unknown}
Potions
 o - a potion of magic
 x - a potion of flight
Comestibles
 c - 27 rations


   Skills:
 - Level 5.0 Fighting
 + Level 3.3 Short Blades
 + Level 6.2 Armour
 - Level 6.0 Dodging
 - Level 2.4 Stealth
 + Level 12.8 Spellcasting
 + Level 11.5 Conjurations
 + Level 7.8 Hexes
 - Level 1.4 Evocations


You had 22 spell levels left.
You knew the following spells:

 Your Spells              Type           Power        Failure   Level  Hunger
a - Magic Dart            Conj           ####         1%          1    None
b - Iskenderun's Mystic   Conj           ######..     1%          4    None
c - Fulminant Prism       Conj/Hex       ######....   1%          4    None
d - Cause Fear            Hex            #####.....   2%          4    None

Your spell library contained the following spells:

 Spells                   Type           Power        Failure   Level  Hunger
 Throw Icicle             Conj/Ice       #####...     1%          4    None
 Confusing Touch          Hex            #####.       1%          1    None
 Corona                   Hex            #####..      1%          1    None
 Searing Ray              Conj           ######       1%          2    None
 Slow                     Hex            #####...     1%          2    None
 Dazzling Spray           Conj/Hex       ######       1%          3    None
 Inner Flame              Hex/Fire       ####....     1%          3    None
 Force Lance              Conj/Tloc      #####...     1%          4    None
 Portal Projectile        Hex/Tloc       ####..       3%          3    None
 Animate Skeleton         Necr           N/A          6%          1    None
 Apportation              Tloc           ##....       6%          1    None
 Summon Small Mammal      Summ           ##..         6%          1    None
 Leda's Liquefaction      Hex/Erth       ####......   12%         4    None


Dungeon Overview and Level Annotations

Branches:
Dungeon (12/15)            Temple (1/1) D:6            Lair (1/6) D:9
    Orc (0/2) D:11        Gauntlet (1/1)

Altars:
Ashenzari
Gozag
Hepliaklqana
Kikubaaqudgha
Makhleb
Nemelex Xobeh
Okawaru
Trog
Vehumet
Wu Jian
Xom
Zin
The Shining One

Shops:
D:5 ?

Portals:
Trove: D:10 (give horn of Geryon)

Annotations:
Gauntlet 13 transporters


Innate Abilities, Weirdness & Mutations

Your skin changes colour to match your surroundings (Stealth+).
You are somewhat resistant to further mutation.


Message History

Okay, then.
You're too confused to move!
You feel a little less clever now. The golden eye blinks at you.
You resist with almost no effort. The golden eye blinks at you.
You resist with almost no effort. Something closely misses you.
The golden eye blinks at you.
You easily resist.
The shadow imp hits you but does no damage.
The golden eye blinks at you.
You are more confused.
Something hits you but does no damage.
You bump into the translucent stone wall.
The golden eye blinks at you.
You are more confused.
The shadow imp barely misses you. The golden eye blinks at you.
You resist with some effort. Something hits you.
You die...

#.##...##.#...#.x##.##.[#...#...#
#.#.....#.#...#x#....^#.#...#...#
#....G....#...#xxx....^.#...#t.#?
###########...###########...#####
.....©......≈.............§......
..∩........≈8≈...........§8≈.....
.....©......≈.............≈......
###########...###########...#####
#.≈...≈≈..#...#G@5G.....#...#$3#.
#.≈..≈..≈.#...#.#{#.#.#.#...##..#
#©≈≈.≈≈.≈.#...#..#G#§#..#...#.#P.
#..≈...≈.≈#.###.#.#.#.#)###.#..#P
#≈≈.≈.≈..≈#.#©#..#.©.#.©#©#.##..#
#.≈.≈≈≈.≈.#.#.#.#.#.#.#G#.#.#3#P.
#..≈...≈≈.#.#.#..#.#.#.[#.#.#..#.
#.≈.≈...≈.#.#.#.#§#.#.#.#.#.#...#
#.≈[.©.≈..#.#.#..§......#.#.#.3..


You could see 4 small abominations, 3 golden eyes and a shadow imp.

Vanquished Creatures
  2 ugly things (D:11)
  A worldbinder (Gauntlet)
  An elephant (D:9)
  A gargoyle (D:10)
  A komodo dragon (Lair:1)
  2 trolls (D:10)
  Grinder (D:5)
  Prince Ribbit (D:9)
  3 hippogriffs
  A vampire (D:11)
  A ynoxinul (Gauntlet)
  3 hogs (D:9)
  15 yaks
  2 basilisks (D:9)
  A human (D:9)
  A hungry ghost (D:10)
  Menkaure (D:6)
  A water moccasin (Lair:1)
  A porcupine (Lair:1)
  6 ice beasts
  10 orc warriors
  A phantom (D:9)
  2 black bears
  3 sky beasts
  10 ogres
  A necrophage (D:7)
  2 boggarts (Gauntlet)
  A centaur (D:7)
  3 crocodiles (Lair:1)
  3 bullfrogs
  A wyvern skeleton (D:11)
  A scorpion (D:10)
  4 electric eels
  2 centaur zombies
  6 crimson imps
  7 hounds
  3 jellies
  Crazy Yiuf (D:6)
  A bullfrog skeleton (D:7)
  10 orc priests
  2 quasits (D:10)
  A centaur skeleton (D:7)
  A gnoll shaman (D:8)
  4 iron imps (Gauntlet)
  3 iguanas
  11 orc wizards
  5 worker ants
  2 hound zombies
  A worker ant zombie (D:9)
  9 gnolls
  9 adders
  2 river rats (D:4)
  2 shadow imps (D:6)
  An ooze (D:3)
  2 adder skeletons
  2 worms
  3 dart slugs
  3 leopard geckos
  39 orcs
  5 giant cockroaches
  12 goblins
  3 hobgoblins (D:1)
  10 jackals
  3 quokkas
  7 bats
  3 frilled lizards
  A jackal skeleton (D:5)
  3 kobolds (D:1)
  A quokka skeleton (D:8)
  2 quokka zombies (D:8)
  10 rats
280 creatures vanquished.

Vanquished Creatures (collateral kills)
  A yak (D:9)
  A porcupine (Lair:1)
  An orc priest (D:7)
3 creatures vanquished.

Vanquished Creatures (others)
  2 yaks (D:9)
  10 demonic plants (Gauntlet)
  41 fulminant prisms
53 creatures vanquished.

Grand Total: 336 creatures vanquished

Notes
Turn   | Place    | Note
-------+----------+-------------------------------------------
     0 | D:1      | Norian the Deep Elf Conjurer began the quest for the Orb.
     0 | D:1      | Reached XP level 1. HP: 10/10 MP: 6/6
   376 | D:1      | Reached XP level 2. HP: 15/15 MP: 5/8
   643 | D:1      | Reached skill level 4 in Spellcasting
   934 | D:2      | Reached XP level 3. HP: 19/19 MP: 7/10
   938 | D:2      | Reached skill level 5 in Conjurations
  1265 | D:2      | Reached XP level 4. HP: 24/24 MP: 6/12
  1288 | D:2      | Learned a level 4 spell: Iskenderun's Mystic Blast
  1293 | D:2      | Learned a level 4 spell: Fulminant Prism
  1464 | D:2      | Found an ancient bone altar of Kikubaaqudgha.
  1615 | D:3      | Found an ornate altar of the Wu Jian Council.
  1710 | D:3      | Reached skill level 5 in Spellcasting
  1710 | D:3      | Reached skill level 1 in Hexes
  1768 | D:3      | HP: 1/24 [poisoned by an orc priest]
  1806 | D:3      | HP: 1/24 [poisoned by an orc priest]
  1972 | D:3      | Reached XP level 5. HP: 16/28 MP: 5/14
  2283 | D:4      | Got a polished short sword
  2284 | D:4      | Identified the +6 short sword of Famine {speed, rC+} (You
                  | found it on level 4 of the Dungeon)
  2456 | D:4      | Reached XP level 6. HP: 14/32 MP: 8/16
  2620 | D:4      | Reached skill level 6 in Spellcasting
  3092 | D:5      | Entered Level 5 of the Dungeon
  3118 | D:5      | Reached XP level 7. HP: 36/36 MP: 10/18
  3322 | D:5      | Noticed Grinder
  3329 | D:5      | Killed Grinder
  3329 | D:5      | Reached skill level 7 in Spellcasting
  3329 | D:5      | Reached skill level 5 in Hexes
  3438 | D:5      | Found Juomexki's Magic Scroll Shop.
  3454 | D:5      | Bought a scroll of teleportation for 33 gold pieces
  3454 | D:5      | Bought a scroll of identify for 22 gold pieces
  3454 | D:5      | Bought a scroll of noise for 11 gold pieces
  3648 | D:5      | Reached skill level 1 in Armour
  3694 | D:5      | Found an iron altar of Okawaru.
  3699 | D:5      | Found an opulent altar of Gozag.
  3703 | D:5      | Found a shimmering altar of Xom.
  3703 | D:5      | Found a glowing silver altar of Zin.
  3704 | D:5      | Found a glowing golden altar of the Shining One.
  3705 | D:5      | Found a shattered altar of Ashenzari.
  3706 | D:5      | Found a sparkling altar of Nemelex Xobeh.
  3707 | D:5      | Found a hazy altar of Hepliaklqana.
  3708 | D:5      | Found a bloodstained altar of Trog.
  3840 | D:5      | Reached XP level 8. HP: 41/41 MP: 3/21
  4481 | D:6      | Noticed Menkaure
  4485 | D:6      | Killed Menkaure
  4485 | D:6      | Reached skill level 8 in Spellcasting
  4637 | D:6      | Found a runed translucent door.
  4638 | D:6      | Noticed Crazy Yiuf
  4855 | D:6      | Found a staircase to the Ecumenical Temple.
  4868 | Temple   | Entered the Ecumenical Temple
  4878 | Temple   | Became a worshipper of Vehumet
  5015 | D:6      | Killed Crazy Yiuf
  5091 | D:7      | Noticed a hippogriff
  5096 | D:7      | Killed a hippogriff
  5379 | D:7      | Reached skill level 5 in Dodging
  5611 | D:7      | Reached skill level 9 in Spellcasting
  5817 | D:7      | Reached XP level 9. HP: 45/45 MP: 17/24
  6447 | D:7      | Reached * piety under Vehumet
  6447 | D:7      | Offered knowledge of Sandblast by Vehumet.
  7187 | D:8      | Reached skill level 1 in Fighting
  7797 | D:9      | Noticed Prince Ribbit
  7802 | D:9      | Killed Prince Ribbit
  7802 | D:9      | Reached skill level 10 in Spellcasting
  8061 | D:9      | Offered knowledge of Sting by Vehumet.
  8062 | D:9      | Noticed an elephant
  8068 | D:9      | Reached ** piety under Vehumet
  8068 | D:9      | Reached XP level 10. HP: 54/54 MP: 26/26
  8074 | D:9      | Killed an elephant
  8201 | D:9      | Found a staircase to the Lair.
  8207 | D:9      | Reached skill level 5 in Armour
  8392 | D:9      | Found a bloodstained altar of Trog.
  8549 | D:9      | Reached skill level 1 in Evocations
  8615 | D:9      | Reached skill level 11 in Spellcasting
  8615 | D:9      | Reached skill level 10 in Conjurations
  9050 | D:10     | Entered Level 10 of the Dungeon
  9423 | D:10     | Noticed a gargoyle
  9435 | D:10     | Killed a gargoyle
  9440 | D:10     | Offered knowledge of Conjure Flame by Vehumet.
  9817 | D:10     | Reached XP level 11. HP: 55/62 MP: 28/28
  9986 | D:10     | Found a portal to a secret trove of treasure.
 10233 | D:11     | Noticed a green ugly thing
 10285 | D:11     | Reached skill level 12 in Spellcasting
 10404 | D:11     | Reached *** piety under Vehumet
 10724 | D:11     | Learned a level 4 spell: Cause Fear
 10729 | D:11     | Reached skill level 5 in Fighting
 10853 | D:11     | Noticed a purple ugly thing
 10860 | D:11     | Killed a purple ugly thing
 10860 | D:11     | Reached skill level 1 in Short Blades
 10929 | D:11     | Offered knowledge of Throw Icicle by Vehumet.
 10958 | D:11     | Killed a green ugly thing
 11123 | D:11     | Found a staircase to the Orcish Mines.
 11803 | Lair:1   | Entered Level 1 of the Lair of Beasts
 11860 | Lair:1   | Found a gate leading to a gauntlet.
 11956 | Gauntlet | Entered a Gauntlet
 11956 | Gauntlet | Found a transporter.
 11956 | Gauntlet | Found a transporter.
 11960 | Gauntlet | Found a transporter.
 11960 | Gauntlet | Found a transporter.
 12041 | Gauntlet | Found a transporter.
 12041 | Gauntlet | Found a transporter.
 12049 | Gauntlet | Found a transporter.
 12049 | Gauntlet | Found a transporter.
 12050 | Gauntlet | Noticed a sixfirhy
 12050 | Gauntlet | Noticed a sixfirhy
 12051 | Gauntlet | Noticed a ghost crab
 12080 | Gauntlet | Found a transporter.
 12094 | Gauntlet | Found a transporter.
 12112 | Gauntlet | Found a transporter.
 12164 | Gauntlet | Found a transporter.
 12173 | Gauntlet | Found a transporter.
 12187 | Gauntlet | Found a transporter.
 12288 | Gauntlet | Found a transporter.
 12309 | Gauntlet | Found a transporter.
 12789 | Gauntlet | HP: 3/63 [barbs]
 12790 | Gauntlet | Gained mutation: You are robust. (+10% HP) [potion of
                  | mutation]
 12790 | Gauntlet | Gained mutation: Your magical capacity is low. (-10% MP)
                  | [potion of mutation]
 12790 | Gauntlet | Gained mutation: You are partially covered in icy blue
                  | scales. (AC +2) [potion of mutation]
 12791 | Gauntlet | Lost mutation: You are robust. (+10% HP) [potion of
                  | mutation]
 12791 | Gauntlet | Lost mutation: Your magical capacity is low. (-10% MP)
                  | [potion of mutation]
 12791 | Gauntlet | Gained mutation: Your skin changes colour to match your
                  | surroundings (Stealth+). [potion of mutation]
 12791 | Gauntlet | Gained mutation: You are frail. (-10% HP) [potion of
                  | mutation]
 12791 | Gauntlet | Gained mutation: You are very frail. (-20% HP) [potion of
                  | mutation]
 12791 | Gauntlet | Lost mutation: You are very frail. (-20% HP) [potion of
                  | mutation]
 12792 | Gauntlet | Lost mutation: You are frail. (-10% HP) [potion of
                  | mutation]
 12792 | Gauntlet | Lost mutation: You are partially covered in icy blue
                  | scales. (AC +2) [potion of mutation]
 12792 | Gauntlet | Gained mutation: You are somewhat resistant to further
                  | mutation. [potion of mutation]
 12797 | Gauntlet | Paralysed by a floating eye for 3 turns
 12840 | Gauntlet | HP: 2/63 [shadow imp/nerve-wracking pain[a boggart] (12)]
 12843 | Gauntlet | Slain by a boggart

Levels and vault maps discovered:
D:1:      zelgadis_glass_arrival_large, layout_basic
D:2:      layout_rooms, nicolae_overflow_hidden_temple, minmay_misc_feat_hallway
D:3:      layout_basic, lemuel_round_altar
D:4:      layout_loops_cross, gup_sewer_entry_spiral
D:5:      layout_basic, minitemple, serial_shops, shop, first_ration,
          uniq_grinder
D:6:      layout_loops_ring, minmay_temple_entry_fiery, uniq_menkaure,
          uniq_crazy_yiuf_cottage
D:7:      layout_gridville
D:8:      layout_loops_corners, kennysheep_generic_room_12
D:9:      layout_roguey, david_lair_generic, basic_altar, grunt_livestock,
          uniq_prince_ribbit1
D:10:     layout_cave_pools, nicolae_trove_entry_crossroad, serial_bayou_lake_a
D:11:     layout_gridville, erik_orc_2
D:12:     layout_long_grid, drop_trap
Temple:   jpeg_temple_clearing
Lair:1:   layout_small_grid, gauntlet_entry_generic, kennysheep_abandoned_house,
          serial_bayou_shore_b, infiniplex_staircase_pool, serial_bayou_shore_b
Gauntlet: gammafunk_gauntlet_branching [nicolae_gauntlet_arena_flowing_pool,
          gammafunk_gauntlet_arena_split_x, gammafunk_gauntlet_arena_chambers,
          gammafunk_gauntlet_arena_grid, nicolae_gauntlet_arena_blocks,
          gammafunk_gauntlet_arena_open, gammafunk_gauntlet_arena_arrow_garden,
          nicolae_gauntlet_swirl, gauntlet_exit_hidden_loot]

Skill      XL: |  1  2  3  4  5  6  7  8  9 10 11 |
---------------+----------------------------------+-----
Spellcasting   | 4 5 6 7 9 10 11 12 | 12.8
Conjurations   | 5 6 7 8 9 10 11 | 11.5
Hexes          | 1 3 4 5 7 |  7.8
Armour         | 1 3 4 5 6 |  6.2
Dodging        | 3 5 6 |  6.0
Fighting       | 2 4 5 |  5.0
Evocations     | 1 |  1.4
Short Blades   | 3 |  3.3
Stealth        | |  2.4

Action                   |  1- 3 |  4- 6 |  7- 9 | 10-12 || total
-------------------------+-------+-------+-------+-------++-------
Melee: Dagger            |       |     3 |       |       ||     3
       Short sword       |       |       |    39 |    88 ||   127
 Cast: Magic Dart        |    83 |   100 |   174 |   146 ||   503
       Iskenderun's Myst |       |    11 |    64 |   118 ||   193
       Fulminant Prism   |       |     1 |    12 |    28 ||    41
       Cause Fear        |       |       |       |     1 ||     1
Evoke: Wand              |       |       |     5 |     1 ||     6
  Use: Potion            |       |     4 |     1 |    11 ||    16
       Scroll            |       |       |       |     6 ||     6
 Stab: Sleeping          |       |     1 |       |       ||     1
       Distracted        |       |       |     1 |       ||     1
  Eat: Chunk             |     1 |       |    11 |     7 ||    19
       Ration            |       |     2 |     3 |     3 ||     8
Armor: Robe              |     1 |     4 |     3 |     2 ||    10
       Ring mail         |       |       |       |     7 ||     7
       Troll leather arm |       |       |       |    38 ||    38
Dodge: Dodged            |     1 |    24 |    40 |    88 ||   153
